 Dungeon Crawl Stone Soup version 0.31-a0-574-g69dc8cc98e (webtiles) character file.

Game seed: 17524442099080783948

3761 Newt the Chucker (level 9, -8/68 (69) HPs)
             Began as a Demonspawn Gladiator on Aug 18, 2023.
             Was a Follower of Makhleb.
             Mangled by an elephant (12 damage)
             ... in a Gauntlet.
             The game lasted 00:10:19 (7712 turns).

Newt the Chucker (Demonspawn Gladiator)             Turns: 7712, Time: 00:10:19

HP:   -8/68 (69)    AC: 13    Str: 18    XL:     9   Next: 94%
MP:   0/17          EV: 14    Int: 11    God:    Makhleb [*.....]
Gold: 528           SH:  0    Dex: 14    Spells: 14/18 levels left

rFire   . . .        i - +5 short sword
rCold   . . .        (no shield)
rNeg    . . .        B - +1 robe of Hedging {Regen+ Archmagi}
rPois   +            g - +2 hat {SInv}
rElec   .            t - +1 cloak
rCorr   .            n - +2 pair of gloves
SInv    +            m - +0 pair of boots
Will    .....        r - amulet of guardian spirit
Stlth   +            C - ring of poison resistance
HPRegen 1.11/turn    (no ring)
MPRegen 0.15/turn

%: no teleportation, guardian spirit, archmagi
@: slowed, lightly drained, very slow
A: demonic guardian 2, sharp scales 2, weakness stinger 2
a: Renounce Religion


You were in a Gauntlet.
You worshipped Makhleb.
Makhleb was aware of your devotion.
You visited 2 branches of the dungeon, and saw 10 of its levels.
You also visited: Gauntlet.

You collected 548 gold pieces.
You spent 20 gold pieces at shops.

Inventory:

Hand Weapons
 a - a +0 rapier
 i - a +5 short sword (weapon)
Missiles
 d - 3 throwing nets
 e - a javelin
 j - 4 curare-tipped darts
 z - 6 darts of dispersal
 G - 18 poisoned darts (quivered)
Armour
 b - a +0 leather armour
 c - a +0 helmet
 g - a +2 hat of see invisible (worn)
 m - a +0 pair of boots (worn)
 n - a +2 pair of gloves (worn)
 o - a +1 animal skin
 t - a +1 cloak (worn)
 B - the +1 robe of Hedging (worn) {Regen+ Archmagi}
   (You found it on level 7 of the Dungeon)

   Regen+:    It increases your rate of health regeneration.
   Archmagi:  It increases the power of your magical spells.
Jewellery
 r - an amulet of guardian spirit (around neck)
 C - a ring of poison resistance (left hand)
Wands
 D - a wand of mindburst (16)
 F - a wand of flame (17)
Scrolls
 p - 4 scrolls of enchant weapon
 q - 3 scrolls of fear
 w - a scroll of poison
 x - a scroll of identify
 y - 3 scrolls of vulnerability
 A - 2 scrolls of enchant armour
 E - a scroll of teleportation
Potions
 f - 2 potions of curing
 h - 5 potions of heal wounds
 k - 2 potions of brilliance
 l - a potion of cancellation
 s - a potion of degeneration
 u - a potion of attraction {unknown}
 v - a potion of mutation {unknown}


   Skills:
 - Level 6.0 Fighting
 - Level 5.0 Short Blades
 - Level 7.0 Throwing
 - Level 5.0 Dodging
 + Level 5.4 Spellcasting
 + Level 6.0 Poison Magic


You had 14 spell levels left.
You knew the following spells:

 Your Spells              Type           Power      Damage    Failure   Level
a - Olgreb's Toxic Radia  Pois           24%        N/A       17%         4

Your spell library contained the following spells:

 Spells                   Type           Power      Damage    Failure   Level
 Sting                    Tmut/Pois      56%        1d5       6%          1
 Poisonous Vapours        Pois/Air       28%        N/A       9%          2
 Blink                    Tloc           8%         N/A       30%         2
 Lesser Beckoning         Tloc           8%         N/A       30%         2
 Momentum Strike          Conj/Tloc      8%         3d8       30%         2
 Vhi's Electric Charge    Tloc/Air       8%         N/A       52%         3
 Airstrike                Air            2%         2d(1-17)  90%         4
 Passage of Golubria      Tloc           4%         N/A       90%         4
 Irradiate                Conj/Tmut      2%         3d12      99%         5
 Silence                  Hex/Air        2%         N/A       99%         5
 Eringya's Noxious Bog    Tmut/Pois      7%         4d6       100%        6
 Lehudib's Crystal Spear  Conj/Erth      2%         10d2      100%        8


Dungeon Overview and Level Annotations

Branches:
Dungeon (8/15)             Temple (1/1) D:7         Gauntlet (1/1)
   Lair: D:8-11

Altars:
Cheibriados
Dithmenos
Fedhas
Hepliaklqana
Kikubaaqudgha
Makhleb
Nemelex Xobeh
Okawaru
Qazlal
Ru
Sif Muna
Uskayaw
Wu Jian
Xom
Yredelemnul

Shops:
D:6 *

Annotations:
Gauntlet 11 transporters, 5 runed translucent doors, exclusion: 2 lightning spires


Innate Abilities, Weirdness & Mutations

A demonic guardian rushes to your aid.
You are mostly covered in razor-sharp scales. (AC +2, Slay +2)
You have a tail ending in a sharp stinger.


Message History

Unknown command.
Unknown command.
You hit the torpor snail.
The torpor snail is severely wounded.
The elephant is poisoned.
Your toxic aura wanes.
The elephant closely misses you.
The elephant trunk-slaps you but does no damage.
Unknown command.
Unknown command.
Unknown command.
You hit the torpor snail.
You tail-slap the torpor snail, but do no damage.
The torpor snail is severely wounded.
The elephant tramples you!
You stumble backwards!
Unknown command.
Unknown command.
You puncture the torpor snail!
Your tail-slap misses the torpor snail.
The torpor snail is almost dead.
The elephant tramples you!
* * * LOW HITPOINT WARNING * * *
You stumble backwards!
Unknown command.
Unknown command.
Casting: Olgreb's Toxic Radiance (dangerous; 17% risk of failure)
Confirm with . or Enter, or press ? or * to list all spells.
You don't have enough magic to cast this spell.
Unknown command.
Unknown command.
The hellwing gives a chilling moan.
You hit the elephant.
The elephant is moderately wounded.
The elephant tramples you!
* * * LOW HITPOINT WARNING * * *
You hold your ground!
The elephant trunk-slaps you but does no damage.
The torpor snail bites you!
* * * LOW HITPOINT WARNING * * *
A demonic guardian appears!
The elephant tramples you!
You die...

..PP.#©#≈©.#.#©#.......#.#.......
#..♣.#$#≈..#2#.#########.#.♣..P♣.
##...#[###+#.#.#w......#.#.PP.P..
#≈...#^.....4#.# ..##..#.#..P♣..≈
≈≈...#########.# =##..##.#.....##
#≈.♣.........#©#©##Y.###©#.♣..≈#
##.P.#########.###Y.##.###...≈≈#
#≈...#[.#....#.##YY##..#....####
≈≈...#[?#.##.#.#@w4....#...≈#
#≈.♣.###+.##.#.#########..≈≈#
##.P.#©.+...©#©#.........####
#≈...###+#######.♣P♣P♣..≈#
≈≈.P.#ZZ...ZZ#.....P...≈≈#
#≈.♣.#Z.....Z#.♣.P....####
##...#########.P.....≈#
#≈..................≈≈#
≈≈≈#≈≈≈#≈≈≈#≈≈≈#≈≈≈####


You could see a reaper, 4 elephants, a torpor snail (poisoned), a hellwing, a
harpy simulacrum, a redback simulacrum, a boggart simulacrum and a friendly
hellwing (summoned, slow).

Vanquished Creatures
  Gastronok (D:8)
  Pikel (D:8)
  Maurice (D:8)
  A sky beast (D:7)
  The ghost of Mickster the Chopper, an amateur HOBe of Trog (D:4)
  An ice beast (D:8)
  3 centaurs
  2 kobold brigands
  A bullfrog (D:7)
  2 scorpions
  2 water moccasin zombies (D:5)
  2 howler monkeys
  2 bullfrog zombies (D:5)
  A centaur zombie (D:5)
  A jelly (D:7)
  An orc priest (D:7)
  A gnoll bouda (D:7)
  A sleepcap (D:6)
  A scorpion zombie (D:5)
  7 iguanas
  5 orc wizards
  Natasha (twice) (D:2)
  6 adders
  8 gnolls
  2 shadow imps
  A white imp (D:5)
  2 ufetubi
  2 worms (D:2)
  4 dart slugs
  15 orcs
  8 endoplasms
  4 giant cockroaches
  12 goblins
  10 hobgoblins
  3 jackals (D:5)
  19 kobolds
  5 quokkas
  7 ball pythons
  8 bats
  A frilled lizard (D:1)
  5 rats
  A butterfly (D:7)
163 creatures vanquished.

Vanquished Creatures (collateral kills)
  Natasha (D:2)
  Robin (D:2)
  3 orcs (D:3)
  3 goblins (D:2)
  2 hobgoblins (D:2)
10 creatures vanquished.

Vanquished Creatures (others)
  An adder (D:4)
1 creature vanquished.

Grand Total: 174 creatures vanquished

Notes
Turn   | Place    | Note
-------+----------+-------------------------------------------
     0 | D:1      | Newt the Demonspawn Gladiator began the quest for the Orb.
     0 | D:1      | Reached XP level 1. HP: 16/16 MP: 1/1
    97 | D:1      | Gained mutation: You have a small tail. [demonic ancestry]
    97 | D:1      | Reached XP level 2. HP: 23/23 MP: 2/2
   243 | D:1      | Reached skill level 2 in Throwing
   482 | D:1      | Gained mutation: A weak demonic guardian rushes to your
                  | aid. [demonic ancestry]
   482 | D:1      | Reached XP level 3. HP: 29/29 MP: 3/3
   831 | D:2      | Noticed Robin
   843 | D:2      | HP: 1/29 [goblin/+0 club[Robin] (4)]
   844 | D:2      | Killed Robin
   845 | D:2      | Reached skill level 3 in Throwing
  1202 | D:2      | Gained mutation: You have a tail ending in a sharp stinger.
                  | [demonic ancestry]
  1202 | D:2      | Reached XP level 4. HP: 25/35 MP: 4/4
  1406 | D:2      | Found a shadowy altar of Dithmenos.
  1588 | D:2      | Noticed Natasha
  1596 | D:2      | Killed Natasha
  1739 | D:2      | Noticed Natasha
  1750 | D:2      | Killed Natasha
  1751 | D:2      | Reached skill level 4 in Throwing
  1947 | D:2      | Noticed Natasha
  1956 | D:2      | Killed Natasha
  1957 | D:2      | Gained mutation: You are partially covered in razor-sharp
                  | scales. (AC +1, Slay +1) [demonic ancestry]
  1957 | D:2      | Reached XP level 5. HP: 20/41 MP: 5/5
  2460 | D:3      | Gained mutation: You are mostly covered in razor-sharp
                  | scales. (AC +2, Slay +2) [demonic ancestry]
  2460 | D:3      | Reached XP level 6. HP: 47/47 MP: 6/6
  2467 | D:3      | Found a sparkling altar of Nemelex Xobeh.
  2738 | D:4      | Found a transporter.
  2741 | D:4      | Noticed Mickster's ghost (amateur HOBe)
  2752 | D:4      | Found a transporter.
  3306 | D:4      | Found an iron altar of Okawaru.
  3365 | D:4      | Reached skill level 5 in Short Blades
  3368 | D:4      | Killed Mickster's ghost
  3416 | D:5      | Entered Level 5 of the Dungeon
  3617 | D:5      | Reached XP level 7. HP: 51/52 MP: 7/7
  4049 | D:5      | Found a basalt altar of Yredelemnul.
  4062 | D:5      | Reached skill level 5 in Dodging
  4323 | D:5      | Found a basalt altar of Yredelemnul.
  4334 | D:5      | Reached skill level 5 in Fighting
  4539 | D:6      | Gained mutation: A demonic guardian rushes to your aid.
                  | [demonic ancestry]
  4539 | D:6      | Reached XP level 8. HP: 55/64 MP: 6/8
  4572 | D:6      | Found Xitrez's Assorted Antiques.
  4580 | D:6      | Bought a fizzy grey potion for 20 gold pieces
  5358 | D:7      | Found a stormy altar of Qazlal.
  5463 | D:7      | Found a staircase to the Ecumenical Temple.
  5470 | D:7      | Reached skill level 5 in Throwing
  5488 | Temple   | Entered the Ecumenical Temple
  5508 | Temple   | Became a worshipper of Makhleb the Destroyer
  5604 | D:7      | Identified the +1 robe of Hedging {Regen+ Archmagi}
  5673 | D:7      | Found a shimmering altar of Xom.
  5772 | D:7      | Reached skill level 6 in Throwing
  6607 | D:8      | Noticed Pikel
  6613 | D:8      | Killed Pikel
  6614 | D:8      | Reached skill level 7 in Throwing
  6614 | D:8      | Reached XP level 9. HP: 68/69 MP: 8/12
  6625 | D:8      | Learned a level 4 spell: Olgreb's Toxic Radiance
  6632 | D:8      | Found an ancient bone altar of Kikubaaqudgha.
  6735 | D:8      | Noticed Maurice
  6743 | D:8      | Killed Maurice
  6753 | D:8      | Noticed Gastronok
  6784 | D:8      | Killed Gastronok
  6784 | D:8      | Reached * piety under Makhleb
  6785 | D:8      | Reached skill level 5 in Spellcasting
  6785 | D:8      | Reached skill level 5 in Poison Magic
  6959 | D:8      | Identified a scroll of acquirement
  6959 | D:8      | Acquired the Commentary on Shocking Changing
  7332 | D:8      | You fall into a shaft and drop 3 floors!
  7332 | D:11     | Found a gate leading to a gauntlet.
  7338 | Gauntlet | Entered a Gauntlet
  7338 | Gauntlet | Noticed a soul eater
  7338 | Gauntlet | Found a transporter.
  7346 | Gauntlet | Found a transporter.
  7348 | Gauntlet | Found a transporter.
  7353 | Gauntlet | Noticed a torpor snail
  7358 | Gauntlet | Noticed an elephant
  7362 | Gauntlet | Found a transporter.
  7368 | Gauntlet | Found a runed translucent gate.
  7368 | Gauntlet | Found a runed translucent gate.
  7368 | Gauntlet | Found a runed translucent gate.
  7368 | Gauntlet | Found a transporter.
  7371 | Gauntlet | Found a transporter.
  7371 | Gauntlet | Found the -2 hat of the Alchemist {rElec rPois rF+ rC+ rN+
                  | Will+ rMut rCorr}
  7385 | Gauntlet | Found a runed translucent door.
  7387 | Gauntlet | Found a transporter.
  7388 | Gauntlet | Noticed a hellwing
  7389 | Gauntlet | Found a runed translucent door.
  7391 | Gauntlet | Noticed a reaper
  7398 | Gauntlet | Found a transporter.
  7410 | Gauntlet | Found a transporter.
  7424 | Gauntlet | Found a transporter.
  7438 | Gauntlet | Found a transporter.
  7440 | Gauntlet | Found a transporter.
  7483 | Gauntlet | Found a transporter.
  7500 | Gauntlet | Found a transporter.
  7522 | Gauntlet | Noticed an elephant
  7606 | Gauntlet | Noticed an elephant
  7608 | Gauntlet | Noticed an elephant
  7712 | Gauntlet | Mangled by an elephant

Illustrated notes

Levels and vault maps discovered:
D:1:      dpeg_arrival_line_fractal, layout_loops_ring
D:2:      layout_loops_ring, basic_altar, serial_aquarium,
          aquarium_bridge_square [aquarium_subvault_bridge,
          aquarium_subvault_wall, aquarium_subvault_bridge,
          aquarium_subvault_wall], aquarium_window_fake, aquarium_window_1,
          aquarium_window_1, aquarium_view_2f, aquarium_view_2a,
          aquarium_pool_S, uniq_robin, uniq_natasha
D:3:      layout_rooms, marbit_many_paths, nicolae_overflow_hidden_temple,
          overflow_temple_1_default
D:4:      layout_gridville, okawaru_metal_pillars_3, gammafunk_ghost_arena
D:5:      layout_cave_pods, nicolae_yredelemnul_corpse_copse,
          chequers_serial_rivers_micro_c, kennysheep_small_circle
D:6:      layout_layer_cave, serial_shops, shop
D:7:      layout_layer_cave, nicolae_qazlal_beasts_of_the_sky, xom_butterflies,
          minmay_temple_entry_tees
D:8:      layout_basic, nicolae_kikubaaqudgha_miasma_corner,
          serial_bayou_ford_a, chequers_serial_rivers_small_a,
          minmay_misc_feat_pillars, uniq_pikel, uniq_gastronok, uniq_maurice
D:11:     layout_long_grid, hellmonk_lair_entry_icy, erik_orc_4,
          gauntlet_entry_generic, uniq_fannar, uniq_urug
Temple:   hellmonk_temple_of_storms
Gauntlet: minmay_gauntlet_77_tree [minmay_gauntlet_arena_77_tiled_triplets,
          minmay_gauntlet_arena_77_hold_the_fort,
          minmay_gauntlet_arena_77_two_lines, minmay_gauntlet_arena_77_box,
          minmay_gauntlet_arena_77_mirror, minmay_gauntlet_arena_77_shame_cube,
          minmay_gauntlet_arena_77_run_for_it, gauntlet_exit_hidden_loot]

Skill      XL: |  1  2  3  4  5  6  7  8  9 |
---------------+----------------------------+-----
Fighting       | 3 5 6 |  6.0
Throwing       | 2 3 4 7 |  7.0
Short Blades   | 3 4 5 |  5.0
Dodging        | 4 5 |  5.0
Spellcasting   | 2 5 |  5.4
Poison Magic   | 2 6 |  6.0

Action                     |  1- 3 |  4- 6 |  7- 9 || total
---------------------------+-------+-------+-------++-------
  Melee: Rapier            |    43 |       |       ||    43
         Short sword       |    70 |   131 |   302 ||   503
         Tailslap          |     6 |    16 |    47 ||    69
         Punch             |       |     1 |     5 ||     6
  Throw: Throwing net      |     2 |       |     3 ||     5
         Boomerang         |       |    12 |    44 ||    56
         Dart              |       |       |     1 ||     1
   Cast: Olgreb's Toxic Ra |       |       |     4 ||     4
    Use: Scroll            |     1 |    10 |     4 ||    15
         Potion            |     1 |     3 |     1 ||     5
   Stab: Sleeping          |     1 |     5 |       ||     6
         Invisible         |       |     1 |       ||     1
         Distracted        |       |       |     1 ||     1
         Held in net/web   |       |       |     1 ||     1
 Armour: Leather armour    |    32 |       |       ||    32
         Animal skin       |       |    37 |    63 ||   100
         Robe              |       |       |    26 ||    26
  Dodge: Dodged            |    73 |    64 |   157 ||   294

Table legend: (Time is in decaauts)
 A = Elapsed time spent in this place.
 B = Non-inter-level travel time spent in this place.
 C = Inter-level travel time spent in this place.
 D = Time resting spent in this place.
 E = Time spent auto-exploring this place.
 F = Levels seen in this place.
 G = Mean time per level.
                   A        B        C        D        E       F      G
               +--------+--------+--------+--------+--------+-----+--------+
         Total |   7641 |   7219 |    422 |    781 |   5194 |  11 |  694.6 |
       Dungeon |   7231 |   6849 |    382 |    701 |   4976 |   9 |  803.4 |
        Temple |     40 |      1 |     39 |      0 |      0 |   1 |   40.0 |
      Gauntlet |    369 |    369 |      0 |     80 |    218 |   1 |  369.0 |
               +--------+--------+--------+--------+--------+-----+--------+

Top non-repeatable levels by time:
     D:2: 1393 daAuts
     D:7: 1171 daAuts
     D:5: 1068 daAuts
     D:6: 791 daAuts
     D:8: 775 daAuts
     D:4: 740 daAuts
     D:1: 731 daAuts
     D:3: 552 daAuts
Gauntlet: 369 daAuts
  Temple: 40 daAuts
    D:11: 5 daAuts
